 Dungeon Sprint DCSS version 0.31.0-32-g396128a36d (webtiles) character file.

Game seed: 3305404625867942928

8323 boopmooplesden the Severer (level 11, -9/119 HPs)
             Began as a Minotaur Berserker on Apr 18, 2024.
             Was a High Priest of Trog.
             Succumbed to a redback's poison
             ... in the Dungeon (Sprint II: "The Violet Keep of Menkaure").
             The game lasted 00:05:09 (1826 turns).

boopmooplesden the Severer (Minotaur Berserker)     Turns: 1826, Time: 00:05:10

Health: -9/119     AC: 19    Str: 26    XL:     11   Next: 8%
Magic:  10/10      EV: 13    Int:  4    God:    Trog [*****.]
Gold:   806        SH:  0    Dex: 14    Spells: 10/10 levels left

rFire   . . .        A - +3 executioner's axe of Trog's Benevolence {flame, rElec}
rCold   . . .        (shield currently unavailable)
rNeg    . . .        i - +1 chain mail of Urisiul {rCorr Dex+4}
rPois   .            (helmet restricted)
rElec   +            k - scarf {harm}
rCorr   +            w - +2 pair of gloves
SInv    .            v - +1 pair of boots
Will    .....        (no amulet) Stlth
                     (no ring)
HPRegen 0.39/turn    (no ring)
MPRegen 0.12/turn

%: no teleportation, harm (+30% outgoing, +20% incoming)
@: lethally poisoned (-9 -> -56)
A: horns 2, retaliatory headbutt
a: Renounce Religion, Berserk, Trog's Hand, Brothers in Arms


You were in the Dungeon.
You worshipped Trog.
Trog was extremely pleased with you.
You visited 1 branch You collected 1388 gold pieces.
You spent 582 gold pieces at shops.

Inventory:

Hand Weapons
 a - a +0 hand axe
 j - a +0 hand axe of draining
 l - a +3 triple sword
 A - the +3 executioner's axe of Trog's Benevolence (weapon) {flame, rElec}
   (Trog gifted it to you in the Dungeon)

   rElec:     It insulates you from electricity.
Armour
 b - a +0 animal skin
 i - the +1 chain mail of Urisiul (worn) {rCorr Dex+4}
   (You bought it in a shop in the Dungeon)

   Dex+4:     It affects your dexterity (+4).
   rCorr:     It protects you from acid and corrosion.
 k - a scarf of harm (worn)
 v - a +1 pair of boots (worn)
 w - a +2 pair of gloves (worn)
Scrolls
 h - a scroll of blinking
 o - 3 scrolls of immolation
Potions
 c - 5 potions of curing
 d - a potion of heal wounds
 e - a potion of haste
 f - 6 potions of magic
 g - a potion of berserk rage
 n - a potion of attraction
 q - 3 potions of resistance
 r - a potion of invisibility
 x - 5 potions of enlightenment


   Skills:
 + Level 18.0 Fighting
 + Level 12.8 Long Blades
 + Level 18.1 Axes
 + Level 12.4 Armour
 + Level 9.6 Dodging
 + Level 1.0 Stealth


You had 10 spell levels left.
You didn't know any spells.
Your spell library was empty.

Dungeon Overview and Level Annotations

Branches:
Dungeon (1/1)

Altars:
Cheibriados
Dithmenos
Elyvilon
Fedhas
Gozag
Hepliaklqana
Kikubaaqudgha
Makhleb
Nemelex Xobeh
Okawaru
Qazlal
Ru
Sif Muna
Trog
Uskayaw
Vehumet
Wu Jian
Xom
Yredelemnul
Zin
The Shining One
Jiyva
Lugonu

Shops:
D [[:=?[!!:=!=[(?

Annotations:
D exclusion: oklob plant


Innate Abilities, Weirdness & Mutations

You have a pair of horns on your head.
You reflexively headbutt those who attack you in melee.


Message History

You headbutt the elephant! The elephant trunk-slaps you.
You slice the elephant!! You burn the elephant.
You kill the elephant!
Trog accepts your kill.
Your Long Blades skill increases to level 12!
Your Axes skill increases to level 18!
Your Armour skill increases to level 12!
You slice the centaur warrior!! You burn the centaur warrior!
You kill the centaur warrior!
Trog accepts your kill. Trog grants you a weapon!
Something appears at your feet!
You see here a +2 heavy great sword.
Your Fighting skill increases to level 18!
You have reached level 11!
You closely miss the redback.
The redback bites you but does no damage.
The redback bites you!
You are poisoned.
The redback poisons you!
You closely miss the redback. Your headbutt misses the redback.
You feel extremely sick. The redback bites you.
You miss the redback.
You feel very sick. The redback bites you!
The redback bites you but does no damage.
You closely miss the redback. You headbutt the redback!
The redback is moderately wounded.
You feel very sick. The redback bites you.
You are lethally poisoned!
The redback poisons you!
You slash the redback! You burn the redback.
You kill the redback!
Trog accepts your kill.
You feel extremely sick.
The yaktaur captain wields a +0 arbalest.
The yaktaur captain shoots a bolt.
The bolt hits you!!
* * * LOW HITPOINT WARNING * * *
You die...

*,,,**,,K**##~~~§≈§≈°§**~,,,**
*,,,,*,,z@.~##~~SSS°~**,~,,,,,
############~~#+++#+++##***,,,,
###########~~~.........#,,+,,,,
##∩.......#~~~~.##+##..#,,***#.
##.∩.....∩#~~~~###)###.####$E+.
##∩.∩.c.∩.#~~~~#..#..#....#(?#.
##.∩.∩.∩.∩#c~####.#.####..#####
##..∩...∩s#~##@###'###.##..#:h+
##...∩.∩..#~#)####.##...#..#h$#
##....⌠...'cs##.'.<.'.##'..####
##........#~#...##.##...#...§##
#▓▓▓▓▓▓▓###~##.###'###.##..§...
##(kY######~~####.#.####~~.§...
#:=k#!,+^##~~~#..#..#~~~~~~~..
#∩P!+.,*+*#'#~##.#.##~~§~~~~§.
#(([*$**,*#.#~~##+##~~~≈§≈~~§~


You could see a yaktaur captain and a redback.

Vanquished Creatures
  Kirke (D)
  A kraken (D)
  2 boulder beetles (D)
  A centaur warrior (D)
  A skeletal warrior (D)
  2 deep trolls (D)
  An elephant (D)
  A yaktaur (D)
  A kobold demonologist (D)
  A hornet (D)
  3 polar bears (D)
  Menkaure (D)
  A redback (D)
  3 crocodiles (D)
  3 laughing skulls (D)
  4 scorpions (D)
  4 necrophages (D)
  A hell rat (D)
  3 ribbon worms (D)
  3 tentacles (D)
38 creatures vanquished.

Vanquished Creatures (others)
  A crocodile (D)
  10 tentacles (D)
11 creatures vanquished.

Grand Total: 49 creatures vanquished

Notes
Turn   | Place    | Note
-------+----------+-------------------------------------------
     0 | D        | boopmooplesden the Minotaur Berserker began the quest for
                  | the Orb.
     0 | D        | Reached XP level 1. HP: 19/19 MP: 0/0
     1 | D        | Noticed a necrophage
     1 | D        | Noticed a necrophage
     1 | D        | Noticed a necrophage
     1 | D        | Noticed a necrophage
     9 | D        | Killed a necrophage
    10 | D        | Reached XP level 2. HP: 30/31 MP: 1/1
    10 | D        | Reached XP level 3. HP: 37/38 MP: 2/2
    12 | D        | Killed a necrophage
    13 | D        | Reached XP level 4. HP: 40/48 MP: 3/3
    15 | D        | Killed a necrophage
    15 | D        | Reached ** piety under Trog
    16 | D        | Reached XP level 5. HP: 35/57 MP: 4/4
    19 | D        | Reached skill level 5 in Armour
   220 | D        | Killed a crocodile
   231 | D        | Reached skill level 10 in Fighting
   231 | D        | Reached skill level 10 in Axes
   231 | D        | Reached XP level 6. HP: 67/67 MP: 5/5
   233 | D        | Reached skill level 5 in Dodging
   233 | D        | Reached *** piety under Trog
   258 | D        | Noticed a boulder beetle
   258 | D        | Noticed a boulder beetle
   290 | D        | Killed a boulder beetle
   291 | D        | Reached XP level 7. HP: 36/79 MP: 6/6
   291 | D        | Reached XP level 8. HP: 39/86 MP: 7/7
   641 | D        | Found Kesm's Antique Armour Shop.
   641 | D        | Found Edefuzosh's Magic Scroll Shop.
   641 | D        | Found Issom's Jewellery Boutique.
   641 | D        | Found Esoatri's Jewellery Boutique.
   641 | D        | Found Yttel's Antique Weapon Boutique.
   642 | D        | Found Koanokath's Distillery.
   642 | D        | Found Meanugh's Book Boutique.
   642 | D        | Found Rysinery's Distillery.
   647 | D        | Reached **** piety under Trog
   651 | D        | Found Xexyes's Distillery.
   651 | D        | Found Tigox's Antique Armour Boutique.
   651 | D        | Noticed Menkaure
   668 | D        | Killed Menkaure
   688 | D        | Found Tenisch's Magic Scroll Boutique.
   688 | D        | Found Paclimen's Jewellery Shop.
   688 | D        | Noticed an oklob plant
   689 | D        | Found Nixegg's Armour Shop.
   689 | D        | Found Bupromen's Book Shoppe.
   689 | D        | Found Oreps's Antique Armour Boutique.
   690 | D        | Noticed a death yak
   693 | D        | Bought a faintly humming chain mail for 294 gold pieces
   693 | D        | Identified the +1 chain mail of Urisiul {rCorr Dex+4} (You
                  | bought it in a shop in the Dungeon)
   706 | D        | Bought a glowing hand axe for 96 gold pieces
   714 | D        | Bought a runed scarf for 192 gold pieces
   773 | D        | Killed a boulder beetle
   774 | D        | Reached skill level 15 in Axes
   788 | D        | Found an iron altar of Okawaru.
   788 | D        | Found a radiant altar of Vehumet.
   788 | D        | Found a glowing silver altar of Zin.
   789 | D        | Found a sparkling altar of Nemelex Xobeh.
   789 | D        | Found a hide-covered altar of Uskayaw.
   789 | D        | Found a basalt altar of Yredelemnul.
   790 | D        | Found an opulent altar of Gozag.
   790 | D        | Found a burning altar of Makhleb.
   790 | D        | Found a bloodstained altar of Trog.
   791 | D        | Found a blossoming altar of Fedhas.
   791 | D        | Found a corrupted altar of Lugonu.
   791 | D        | Found a shimmering blue altar of Sif Muna.
   792 | D        | Found a white marble altar of Elyvilon.
   792 | D        | Found an ancient bone altar of Kikubaaqudgha.
   793 | D        | Found a shadowy altar of Dithmenos.
   793 | D        | Found a viscous altar of Jiyva.
   794 | D        | Found a snail-covered altar of Cheibriados.
   796 | D        | Noticed a yaktaur
   796 | D        | Noticed a hornet
   796 | D        | Noticed a polar bear
   796 | D        | Noticed a polar bear
   799 | D        | Killed a polar bear
   799 | D        | Reached ***** piety under Trog
   800 | D        | Reached XP level 9. HP: 96/96 MP: 8/8
   800 | D        | Noticed a polar bear
   801 | D        | Killed a polar bear
   802 | D        | Reached skill level 15 in Fighting
   807 | D        | Killed a polar bear
   809 | D        | Killed a yaktaur
   809 | D        | Received a gift from Trog
   826 | D        | Noticed a kraken
   845 | D        | Reached skill level 1 in Long Blades
  1104 | D        | Killed a kraken
  1105 | D        | Reached skill level 5 in Long Blades
  1105 | D        | Reached XP level 10. HP: 110/110 MP: 9/9
  1138 | D        | Found a hazy altar of Hepliaklqana.
  1138 | D        | Found a sacrificial altar of Ru.
  1138 | D        | Found a shimmering altar of Xom.
  1139 | D        | Found a stormy altar of Qazlal.
  1139 | D        | Found an ornate altar of the Wu Jian Council.
  1146 | D        | Noticed a deep troll
  1146 | D        | Noticed a deep troll
  1149 | D        | Killed a deep troll
  1150 | D        | Reached skill level 10 in Armour
  1154 | D        | Killed a deep troll
  1183 | D        | Found a glowing golden altar of the Shining One.
  1201 | D        | Identified the +3 executioner's axe of Trog's Benevolence
                  | {flame, rElec} (Trog gifted it to you in the Dungeon)
  1201 | D        | Received a gift from Trog
  1507 | D        | Noticed an iron elemental
  1507 | D        | Noticed a hell hog
  1507 | D        | Noticed a hell hog
  1725 | D        | Noticed Kirke
  1725 | D        | Noticed a skeletal warrior
  1741 | D        | Killed Kirke
  1742 | D        | Reached skill level 10 in Long Blades
  1749 | D        | Killed a skeletal warrior
  1750 | D        | Reached skill level 1 in Stealth
  1815 | D        | Noticed an elephant
  1816 | D        | Noticed a yaktaur captain
  1817 | D        | Noticed a centaur warrior
  1819 | D        | Killed an elephant
  1820 | D        | Killed a centaur warrior
  1820 | D        | Received a gift from Trog
  1821 | D        | Reached XP level 11. HP: 103/119 MP: 10/10
  1825 | D        | HP: 2/119 [yaktaur captain/bolt (42)]
  1826 | D        | Succumbed to a redback's poison

Illustrated notes

Levels and vault maps discovered:
D:        the_violet_keep_of_menkaure [sprint2_stairs_cluster_1,
          sprint2_shoproom, sprint2_temple, sprint2_basic_supplies,
          sprint2_obstacle_3, sprint2_obstacle_1, sprint2_obstacle_5,
          sprint2_obstacle_2, sprint2_obstacle_7, sprint2_timed_cluster_1,
          sprint2_smallroom_cluster_1, sprint2_smallroom_final_cluster_1,
          sprint2_transparent_cluster_1, sprint2_second_timed_cluster_1,
          sprint2_sniper_area_1, sprint2_heavy_combat_area_1,
          sprint2_mutation_trap_area_1, sprint2_forest_area_1,
          sprint2_light_combat_area_1, sprint2_behind_water_1,
          sprint2_near_end_vault_1]

Skill      XL: |  1  2  3  4  5  6  7  8  9 10 |
---------------+-------------------------------+-----
Fighting       | 6 8 9 10 13 14 16 18 | 18.0
Axes           | 6 8 9 10 14 16 17 18 | 18.1
Armour         | 3 4 5 6 7 9 12 | 12.4
Dodging        | 3 4 6 7 9 |  9.6
Long Blades    | 5 12 | 12.8
Stealth        | 1 |  1.0

Action                     |  1- 3 |  4- 6 |  7- 9 | 10-12 || total
---------------------------+-------+-------+-------+-------++-------
  Melee: Hand axe          |     8 |    36 |    44 |       ||    88
         Headbutt          |     3 |     7 |    23 |     5 ||    38
         Punch             |       |     1 |     2 |       ||     3
         Triple sword      |       |       |    19 |    17 ||    36
         Executioner's axe |       |       |       |    19 ||    19
 Invoke: Berserk           |     1 |     2 |     3 |     3 ||     9
         Trog's Hand       |       |     1 |     1 |       ||     2
    Use: Potion            |       |     1 |       |       ||     1
         Scroll            |       |       |       |    11 ||    11
 Armour: Animal skin       |     4 |    17 |     6 |       ||    27
         Chain mail        |       |       |    47 |    34 ||    81
  Dodge: Dodged            |     5 |     9 |    45 |    20 ||    79
